 Dungeon Crawl Stone Soup version 0.28-b1-25-g9875b3fc8c (webtiles) character file.

Game seed: 11559403592638207376

399 mcbry74 the Cleaver (level 6, -2/51 HPs)
             Began as a Minotaur Berserker on Feb 7, 2022.
             Was a Priest of Trog.
             Slain by a gnoll (5 damage)
             ... on level 4 of the Dungeon.
             The game lasted 00:07:22 (3570 turns).

mcbry74 the Cleaver (Minotaur Berserker)            Turns: 3570, Time: 00:07:23

Health: -2/51      AC:  2    Str: 22    XL:     6   Next: 53%
Magic:  5/5        EV:  6    Int:  6    God:    Trog [***...]
Gold:   188        SH:  0    Dex:  9    Spells: 5/5 levels left

rFire   . . .      SeeInvis .   a - +0 hand axe
rCold   . . .      Faith    .   (no shield)
rNeg    . . .      Spirit   .   b - +0 animal skin
rPois   .          Reflect  .   (helmet restricted)
rElec   .          Harm     .   (no cloak)
rCorr   .          Rampage  .   (no gloves)
Will    .....                   (no boots)
Stlth   +.........              (no amulet)
HPRegen 0.17/turn               (no ring)
MPRegen 0.09/turn               (no ring)

@: held
A: horns 2, retaliatory headbutt
a: Renounce Religion, Berserk, Trog's Hand


You were on level 4 of the Dungeon.
You worshipped Trog.
Trog was most pleased with you.
You visited 1 branch of the dungeon, and saw 4 of its levels.

You collected 188 gold pieces.

Inventory:

Hand Weapons
 a - a +0 hand axe (weapon)
 d - a +2 vorpal hand axe
Missiles
 c - 4 poisoned darts (quivered)
 i - 38 sling bullets
Armour
 b - a +0 animal skin (worn)
Scrolls
 e - 2 scrolls of blinking {unknown}
 h - 5 scrolls of identify {unknown}
 l - a scroll of silence {unknown}
 m - 2 scrolls of fear {unknown}
 n - a scroll of magic mapping {unknown}
Potions
 f - a potion of lignification {unknown}
 g - a potion of flight {unknown}
 j - a potion of curing
 k - a potion of mutation {unknown}


   Skills:
 - Level 3.6 Fighting
 + Level 9.0 Axes
 - Level 2.4 Armour
 - Level 2.1 Dodging


You had 5 spell levels left.
You didn't know any spells.
Your spell library was empty.

Dungeon Overview and Level Annotations

Branches:
Dungeon (4/15)
 Temple: D:4-7

Altars:
Cheibriados
Fedhas

Annotations:
D:4 2 transporters, BorgnjorsVileCrotch's ghost, amateur MiFi


Innate Abilities, Weirdness & Mutations

You have a pair of horns on your head.
You reflexively headbutt those who attack you in melee.


Message History

You kill the gnoll!
Trog accepts your kill.
Your Axes skill increases to level 9!
You hit the gnoll shaman but do no damage.
The gnoll shaman hits you with a +0 club.
You hit the gnoll shaman.
The gnoll shaman is lightly wounded.
The gnoll barely misses you.
The gnoll hits you with a +1 spear of pain.
You writhe in agony.
The gnoll shaman misses you.
The gnoll hits you from afar with a +0 halberd.
You see here 14 gold pieces.
You hit the gnoll. You punch the gnoll.
The gnoll is severely wounded.
You hit the gnoll shaman but do no damage.
The gnoll shaman hits you with a +0 club!
The gnoll barely misses you.
The gnoll hits you with a +1 spear of pain!
The gnoll shaman barely misses you. You furiously retaliate!
You headbutt the gnoll shaman. You slash the gnoll shaman!
The gnoll shaman is almost dead.
You hit the gnoll but do no damage. The gnoll misses you.
The gnoll shaman hits you with a +0 club!
* * * LOW HITPOINT WARNING * * *
The gnoll throws a throwing net.
The throwing net hits you.
You become entangled in the net!
You see here a throwing net.
You struggle against the net.
The gnoll hits you from afar with a +1 spear of pain.
* * * LOW HITPOINT WARNING * * *
The gnoll shaman barely misses you.
You struggle against the net.
The gnoll hits you from afar with a +1 spear of pain.
* * * LOW HITPOINT WARNING * * *
The gnoll shaman calls upon its god to heal the gnoll.
The gnoll is healed somewhat.
You struggle against the net.
The gnoll hits you from afar with a +0 halberd.
You die...

...##...#.....©.....#
...##...#..##...##..#
#.###...#..#8...8#..# ##
#...÷...#..##...##..# ..
........#...........# .#
..####..#.....ZZMWZ©#..#
........#############..#
######........©....†...#
# #..........@gg)...#
##############.###gg...#
......# .......$#####
#.....[ #######g#
....... #.# ..##### #.#
..### ... ....# ...
....# ...


You could see a gnoll shaman, 3 gnolls, a wyvern zombie, a water moccasin
skeleton and a bullfrog skeleton.

Vanquished Creatures
  A black bear (D:4)
  A jelly (D:4)
  2 orc priests (D:3)
  An iron imp (D:4)
  An orc wizard (D:3)
  A gnoll (D:4)
  8 adders
  2 dart slugs
  3 orcs (D:3)
  6 ball pythons
  7 bats
  7 endoplasms
  4 giant cockroaches
  6 goblins
  7 hobgoblins
  6 jackals
  4 kobolds
  A quokka (D:4)
  12 frilled lizards
  A rat (D:2)
81 creatures vanquished.

Vanquished Creatures (others)
  8 plants
8 creatures vanquished.

Grand Total: 89 creatures vanquished

Notes
Turn   | Place    | Note
-------+----------+-------------------------------------------
     0 | D:1      | mcbry74 the Minotaur Berserker began the quest for the Orb.
     0 | D:1      | Reached XP level 1. HP: 19/19 MP: 0/0
   245 | D:1      | Reached skill level 4 in Axes
   272 | D:1      | Reached XP level 2. HP: 23/26 MP: 1/1
   391 | D:1      | Reached skill level 5 in Axes
   799 | D:1      | Reached ** piety under Trog
   800 | D:1      | Reached XP level 3. HP: 31/31 MP: 2/2
  1697 | D:2      | Found a blossoming altar of Fedhas.
  1809 | D:2      | Found a faded altar of an unknown god.
  1828 | D:2      | Reached XP level 4. HP: 37/39 MP: 3/3
  1831 | D:2      | Reached skill level 6 in Axes
  2451 | D:3      | Reached XP level 5. HP: 42/45 MP: 4/4
  2535 | D:3      | Reached skill level 7 in Axes
  3114 | D:4      | Reached *** piety under Trog
  3118 | D:4      | Reached skill level 8 in Axes
  3205 | D:4      | Noticed a black bear
  3213 | D:4      | Killed a black bear
  3214 | D:4      | Reached XP level 6. HP: 38/51 MP: 5/5
  3372 | D:4      | Found a snail-covered altar of Cheibriados.
  3542 | D:4      | Found a transporter.
  3546 | D:4      | Noticed BorgnjorsVileCrotch's ghost (amateur MiFi)
  3547 | D:4      | Found a transporter.
  3560 | D:4      | Reached skill level 9 in Axes
  3570 | D:4      | Slain by a gnoll

Illustrated notes

Levels and vault maps discovered:
D:1:      wheals_arrival_linesprint, layout_basic, minmay_misc_feat_encased,
          minmay_lizard_king
D:2:      layout_basic, basic_altar, shapermc_ecumenical_altar_acropolis
D:3:      cheibrodos_helix_gallery, layout_rooms, kennysheep_potato
D:4:      layout_loops_ring, mainiacjoe_overflow_alcove_1, slow_altar_1,
          gammafunk_ghost_mausoleum, amcnicky_mini_corridor_feature,
          hangedman_decor_growths

Skill      XL: |  1  2  3  4  5  6 |
---------------+-------------------+-----
Axes           | 4 5 6 8 9 |  9.0
Fighting       | |  3.6
Armour         | |  2.4
Dodging        | |  2.1

Action                   |  1- 3 |  4- 6 || total
-------------------------+-------+-------++-------
Melee: Hand axe          |    77 |   112 ||   189
       Headbutt          |     9 |    14 ||    23
       Punch             |     1 |     2 ||     3
Throw: Dart              |       |     1 ||     1
Armor: Animal skin       |    24 |    17 ||    41
Dodge: Dodged            |    53 |    49 ||   102
